 Seeded DCSS version 0.30-a0-862-g1aabd4f9c5 (webtiles) character file.

Game seed: 6423906105851933421 (custom seed)

22750 Juicyj the Warmonger (level 13, -4/117 HPs)
             Began as a Hill Orc Fighter on Mar 9, 2023.
             Was a High Priest of Okawaru.
             Slain by Frances
             ... wielding a +0 battleaxe
              (12 damage)
             ... on level 12 of the Dungeon.
             The game lasted 00:35:17 (17962 turns).

Juicyj the Warmonger (Hill Orc Fighter)            Turns: 17962, Time: 00:35:18

Health: -4/117     AC: 20    Str: 24    XL:     13   Next: 2%
Magic:  0/22       EV:  7    Int:  8    God:    Okawaru [*****.]
Gold:   529        SH:  7    Dex: 12    Spells: 8/12 levels left

rFire   x . .      SeeInvis +    e - +2 demon whip (venom)
rCold   . . .      Faith    .    c - +1 buckler
rNeg    . . .      Spirit   +    D - +3 plate armour {Will+}
rPois   .          Reflect  .    r - +1 hat {Will+}
rElec   .          Rampage  +    u - +1 cloak "Tyrif" {Rampage rF- Dex+2}
rCorr   .                        (no gloves)
Will    ++...                    (no boots) Stlth
                                 n - amulet of guardian spirit
HPRegen 0.39/turn                j - ring of see invisible
MPRegen 0.18/turn                z - +4 ring of protection

@: unable to drink, very slow
A: deformed body, inability to drink after injury 1
a: Renounce Religion, Heroism, Finesse, Duel


You were on level 12 of the Dungeon.
You worshipped Okawaru.
Okawaru was extremely pleased with you.
You visited 2 branches of the dungeon, and saw 13 of its levels.
You also visited: Sewer.

You collected 808 gold pieces.
You spent 279 gold pieces at shops.

Inventory:

Hand Weapons
 a - a +0 war axe
 e - a +2 demon whip of venom (weapon)
 w - a +5 battleaxe
 y - a +2 heavy hand axe
Armour
 b - a +0 scale mail
 c - a +1 buckler (worn)
 h - a +2 chain mail of cold resistance
 r - a +1 hat of willpower (worn)
 u - the +1 cloak "Tyrif" (worn) {Rampage rF- Dex+2}
   (You found it on level 8 of the Dungeon)

   Dex:       It affects your dexterity (+2).
   rF:        It makes you vulnerable to fire.
   Rampage:   It bestows one free step when moving towards enemies.
 B - the +2 leather armour of the Inviting Gods {Int+6}
   (You found it on level 9 of the Dungeon)

   Int:       It affects your intelligence (+6).
 D - a +3 plate armour of willpower (worn)
 F - an orb of mayhem
Jewellery
 j - a ring of see invisible (left hand)
 n - an amulet of guardian spirit (around neck)
 q - an amulet of magic regeneration
 x - an amulet of regeneration
 z - a +4 ring of protection (right hand)
Wands
 v - a wand of paralysis (11)
 C - a wand of polymorph (7)
Scrolls
 g - 2 scrolls of vulnerability
 i - a scroll of immolation
 l - 5 scrolls of magic mapping
 m - 2 scrolls of amnesia
 p - 2 scrolls of teleportation
 A - a scroll of torment
 H - 2 scrolls of identify
 K - 3 scrolls of noise {unknown}
Potions
 d - 3 potions of might
 f - a potion of mutation
 k - 5 potions of flight
 o - 2 potions of lignification
 s - a potion of curing
 t - 2 potions of resistance
 E - 3 potions of brilliance
 G - a potion of heal wounds
 I - a potion of berserk rage
 J - a potion of haste {unknown}
Miscellaneous
 L - a phial of floods (inert)


   Skills:
 + Level 11.7 Fighting
 - Level 9.1(11.0) Axes
 * Level 8.2(9.5) Maces & Flails
 + Level 10.6 Armour
 + Level 10.7 Shields
 - Level 3.3 Necromancy
 - Level 12.6 Invocations
 * Level 0.0 Evocations


You had 8 spell levels left.
You knew the following spells:

 Your Spells              Type           Power      Damage    Failure   Level
a - Necrotise             Necr           20%        1d5       82%         1
b - Vhi's Electric Charg  Tloc/Air       0%         N/A       100%        3

Your spell library contained the following spells:

 Spells                   Type           Power      Damage    Failure   Level
 Apportation              Tloc           0%         N/A       99%         1
 Freeze                   Ice            0%         1d3       99%         1
 Sandblast                Erth           0%         2d4       99%         1
 Blink                    Tloc           0%         N/A       100%        2
 Passwall                 Tmut/Erth      0%         N/A       100%        2
 Frozen Ramparts          Ice            0%         1d1       100%        3
 Hailstorm                Conj/Ice       0%         3d3       100%        3
 Stone Arrow              Conj/Erth      0%         3d7       100%        3
 Manifold Assault         Tloc           0%         N/A       100%        4
 Arcjolt                  Conj/Air       0%         1d10      100%        5
 Storm Form               Tmut/Air       0%         N/A       100%        7
 Maxwell's Capacitive Co  Air            0%         ∞         100%        8
 Summon Small Mammal      Summ           Unusable   N/A       N/A         1

Dungeon Overview and Level Annotations

Branches:
Dungeon (12/15)            Temple (1/1) D:4            Lair (0/5) D:9
    Orc (0/2) D:9           Sewer (visited)

Altars:
Ashenzari
Cheibriados
Dithmenos
Elyvilon
Fedhas
Gozag
Hepliaklqana
Kikubaaqudgha
Makhleb
Nemelex Xobeh
Okawaru
Qazlal
Ru
Sif Muna
Trog
Uskayaw
Vehumet
Wu Jian
Xom
Yredelemnul
Zin
The Shining One

Shops:
D:2 (   D:5 *   D:8 [

Annotations:
D:12 Frances


Innate Abilities, Weirdness & Mutations

Armour fits poorly on your strangely shaped body.
You occasionally lose the ability to drink potions when taking damage.


Message History

You feel very sick. The orange demon stings you.
You are lethally poisoned!
The orange demon poisons you!
The orange demon hits you but does no damage.
You block Frances's attack.
You feel better. You block the ynoxinul's attack.
Frances growls a series of guttural syllables.
Frances hits you but does no damage. The orange demon stings you!
The orange demon hits you.
You whack Frances!
Frances is heavily wounded.
You block Frances's attack. The ynoxinul barely misses you.
You whack Frances!
Frances looks as sick as possible!
Frances is severely wounded.
You block Frances's attack.
The orange demon stings you but does no damage.
The orange demon hits you but does no damage.
The ynoxinul gestures at you. The iron shot hits you!
You whack Frances!
Frances looks as sick as possible!
Frances is severely wounded.
Frances whispers indecipherable words.
The iron shot hits you!!
You feel threatened and lose the ability to drink potions!
* * * LOW HITPOINT WARNING * * *
The orange demon stings you but does no damage.
You block the orange demon's attack.
Aim the phial where?
Press: ? - help, Q - select action, (/) - cycle Shift-Dir - straight line, f - Frances
Aim: Frances, wielding a +0 battleaxe and wearing a +0 leather armour (severely wounded, fast, extremely poisoned)
The torrent of water misses Frances.
The wave splashes down.
Splash!
You fall into the shallow water.
Moving in this stuff is going to be slow.
The ynoxinul is engulfed in water.
Frances is engulfed in water.
The ynoxinul is engulfed in water.
The orange demon is engulfed in water.
Frances hits you with a +0 battleaxe!
You die...

###..######.##.....# #.##. #....#
#.#....(.# #.##. #.#..#
#.#......# #.###
#.#..######.#......##.####....
##)#.........#.#######.........
###...#.#.)........# ######..(#
..........#.####>#.# ##...#
##......#...# #3#.# #....#
#.....###..# #@#.# #..... ##...##
#...~3@4#.# #....#
####.#####..######.###########..#
............# #..)...........#
###...#####.# ##############.#
#.....####.## #.. #...........#
### #...........## #
##...#####...# ###


You could see Frances (fast, extremely poisoned, waterlogged), an orange demon
(summoned, waterlogged) and 2 ynoxinuls.

Vanquished Creatures
  Gastronok (D:8)
  Kirke (D:12)
  An ogre mage (D:11)
  9 two-headed ogres
  Nergalle (D:10)
  The ghost of bmack86 the Cleaver, a novice MiFi of Okawaru (D:9)
  Amaemon (D:7)
  Lodul (Arena)
  Pikel (D:9)
  A shining eye (D:12)
  2 cyclopes
  Maurice (D:9)
  An elephant (shapeshifter) (D:10)
  An orange demon (D:8)
  3 gargoyles
  Psyche (D:10)
  A troll (D:11)
  Prince Ribbit (D:8)
  Sigmund (D:3)
  4 shadows
  4 slime creatures (D:12)
  2 wyverns (D:9)
  2 wraiths (D:12)
  2 hogs (D:12)
  4 humans (D:12)
  3 steam dragons
  Grum (D:8)
  3 water moccasins
  An acid dragon (D:11)
  An ice beast (D:6)
  A sky beast (D:7)
  5 orc warriors
  3 wolves (D:8)
  14 ogres
  4 centaurs
  A lemure (D:9)
  3 kobold brigands
  A phantom (D:5)
  2 bullfrogs
  5 scorpions
  9 wights
  8 killer bees
  5 howler monkeys (D:8)
  An electric eel (D:7)
  A crimson imp (D:3)
  5 hounds
  A jelly (D:4)
  3 orc priests
  A sleepcap (D:4)
  A gnoll bouda (D:6)
  2 iguanas
  7 orc wizards
  A mummy (D:4)
  4 gnolls
  6 adders
  3 river rats (Sewer)
  A shadow imp (D:7)
  3 white imps
  3 worms
  2 dart slugs
  69 orcs
  8 ball pythons
  3 bats
  5 endoplasms
  3 giant cockroaches
  6 goblins
  8 hobgoblins
  3 jackals (Sewer)
  19 kobolds
  2 quokkas
  A frilled lizard (D:1)
  A goblin zombie (D:3)
  4 hobgoblin zombies
  A kobold skeleton (D:3)
  5 kobold zombies
  An orc skeleton (D:3)
  An orc zombie (D:3)
  8 rats
311 creatures vanquished.

Vanquished Creatures (others)
  Erolcha (D:11)
  An orc wizard (D:9)
  2 fungi (D:9)
  A plant (D:4)
5 creatures vanquished.

Grand Total: 316 creatures vanquished

Notes
Turn   | Place    | Note
-------+----------+-------------------------------------------
     0 | D:1      | Juicyj the Hill Orc Fighter began the quest for the Orb.
     0 | D:1      | Reached XP level 1. HP: 19/19 MP: 1/1
   137 | D:1      | Reached XP level 2. HP: 27/27 MP: 2/2
   172 | D:1      | Found a faded altar of an unknown god.
   173 | D:1      | Noticed an eye of devastation
   175 | D:1      | Noticed a great orb of eyes
   175 | D:1      | Noticed a golden eye
   175 | D:1      | Noticed a floating eye
   458 | D:1      | Prayed at the altar of an unknown god.
   458 | D:1      | Became a worshipper of Warmaster Okawaru
   458 | D:1      | Reached * piety under Okawaru
   714 | D:1      | Reached XP level 3. HP: 33/33 MP: 3/3
   890 | D:2      | Found Pump's Antique Weapon Emporium.
  1257 | D:3      | Found a glowing drain.
  1278 | D:3      | Reached XP level 4. HP: 20/41 MP: 4/4
  1287 | Sewer    | Entered a sewer
  1763 | Sewer    | Noticed a kobold brigand
  1765 | Sewer    | Noticed a kobold brigand
  1815 | Sewer    | Killed a kobold brigand
  1816 | Sewer    | Reached XP level 5. HP: 23/47 MP: 5/5
  1842 | Sewer    | Killed a kobold brigand
  1843 | Sewer    | Reached skill level 5 in Fighting
  1843 | Sewer    | Reached XP level 6. HP: 12/56 MP: 6/6
  2061 | Sewer    | Found a white marble altar of Elyvilon.
  2370 | D:3      | Found a glowing golden altar of the Shining One.
  2423 | D:3      | Found a burning altar of Makhleb.
  2451 | D:3      | Noticed Sigmund
  2481 | D:3      | Killed Sigmund
  2481 | D:3      | Reached ** piety under Okawaru
  2482 | D:3      | Reached skill level 5 in Axes
  2482 | D:3      | Reached skill level 5 in Armour
  2482 | D:3      | Reached skill level 5 in Shields
  2482 | D:3      | Reached XP level 7. HP: 44/62 MP: 7/7
  2861 | D:4      | Learned a level 1 spell: Necrotise
  2865 | D:4      | Learned a level 3 spell: Vhi's Electric Charge
  2880 | D:4      | Found an iron altar of Okawaru.
  3113 | D:4      | Found a staircase to the Ecumenical Temple.
  3424 | Temple   | Entered the Ecumenical Temple
  3546 | D:5      | Entered Level 5 of the Dungeon
  3573 | D:5      | Found an opulent altar of Gozag.
  3588 | D:5      | Reached *** piety under Okawaru
  3628 | D:5      | Reached XP level 8. HP: 33/71 MP: 8/8
  3873 | D:5      | Found Vouhyuse's Assorted Antiques.
  4709 | D:5      | Found a shadowy altar of Dithmenos.
  5068 | D:5      | Reached skill level 1 in Invocations
  5085 | D:5      | Reached skill level 2 in Invocations
  5561 | D:6      | Reached skill level 3 in Invocations
  5707 | D:6      | Reached **** piety under Okawaru
  5793 | D:6      | Reached XP level 9. HP: 50/79 MP: 8/11
  6067 | D:6      | Reached skill level 4 in Invocations
  6648 | D:7      | Reached skill level 5 in Invocations
  7846 | D:6      | Reached skill level 6 in Invocations
  8415 | D:7      | Found a sacrificial altar of Ru.
  8568 | D:7      | HP: 4/81 [electric eel/bolt of electricity (6)]
  9337 | D:8      | Noticed Grum
  9349 | D:8      | Reached skill level 7 in Invocations
  9351 | D:8      | Reached ***** piety under Okawaru
  9352 | D:8      | Reached XP level 10. HP: 34/90 MP: 6/15
  9361 | D:8      | Killed Grum
  9777 | D:8      | Found Qiufeulu's Armour Emporium.
  9787 | D:8      | Bought a +2 chain mail of cold resistance for 279 gold
                  | pieces
 10128 | D:8      | Noticed Amaemon
 10129 | D:8      | Noticed an orange demon
 11103 | D:7      | Killed Amaemon
 11103 | D:7      | Received a gift from Okawaru
 11104 | D:7      | Reached skill level 8 in Invocations
 11546 | D:8      | Killed an orange demon
 11747 | D:8      | Noticed Gastronok
 11780 | D:8      | Killed Gastronok
 11781 | D:8      | Reached skill level 9 in Invocations
 12025 | D:8      | Identified the +1 cloak "Tyrif" {Rampage rF- Dex+2}
 12518 | D:8      | Noticed Prince Ribbit
 12559 | D:8      | Killed Prince Ribbit
 12623 | D:9      | Found a staircase to the Lair.
 12628 | D:9      | Noticed Pikel
 12665 | D:9      | Killed Pikel
 12666 | D:9      | Reached skill level 10 in Invocations
 12666 | D:9      | Reached XP level 11. HP: 72/97 MP: 12/18
 12831 | Arena    | Entered the Arena
 12885 | D:9      | Found a staircase to the Orcish Mines.
 13030 | Arena    | Entered the Arena
 13202 | D:9      | Noticed a two-headed ogre
 13214 | D:9      | Killed a two-headed ogre
 13283 | D:9      | Identified the +2 leather armour of the Inviting Gods
                  | {Int+6}
 13372 | D:9      | Found a transporter.
 13375 | D:9      | Noticed bmack86's ghost (novice MiFi)
 13375 | D:9      | Noticed a two-headed ogre
 13377 | D:9      | Noticed a two-headed ogre
 13377 | D:9      | Noticed a two-headed ogre
 13378 | D:9      | Identified the +7 dire flail of Resourcefulness {heavy,
                  | Int+6}
 13378 | D:9      | Noticed a two-headed ogre
 13408 | D:9      | Noticed Maurice
 13422 | D:9      | Killed Maurice
 13423 | D:9      | Reached skill level 10 in Fighting
 13703 | D:9      | Reached skill level 11 in Invocations
 13840 | D:9      | Found a shimmering blue altar of Sif Muna.
 13945 | D:9      | Found a transporter.
 13962 | D:9      | Killed a two-headed ogre
 13981 | D:9      | Killed a two-headed ogre
 14194 | D:9      | Killed bmack86's ghost
 14217 | D:9      | Killed a two-headed ogre
 14609 | D:9      | Killed a two-headed ogre
 14609 | D:9      | Received a gift from Okawaru
 14779 | D:10     | Entered Level 10 of the Dungeon
 14852 | D:10     | Noticed Lodul
 14860 | Arena    | Entered the Arena
 14875 | Arena    | Killed Lodul
 14876 | Arena    | Reached skill level 5 in Maces & Flails
 14876 | Arena    | Reached skill level 12 in Invocations
 14911 | D:10     | Reached XP level 12. HP: 63/108 MP: 10/21
 15127 | D:10     | Noticed Nergalle
 15138 | D:10     | Killed Nergalle
 15412 | D:10     | Noticed Psyche
 15414 | D:10     | Noticed a two-headed ogre
 15423 | D:10     | Killed Psyche
 15429 | D:10     | Killed a two-headed ogre
 15607 | D:10     | Reached skill level 10 in Shields
 15883 | D:11     | Noticed an ogre mage
 15883 | D:11     | Noticed a two-headed ogre
 15884 | D:11     | Noticed a two-headed ogre
 15901 | D:11     | Killed an ogre mage
 15902 | D:11     | Reached skill level 10 in Armour
 15902 | D:11     | Reached skill level 1 in Necromancy
 15910 | D:11     | Killed a two-headed ogre
 15918 | D:11     | Killed a two-headed ogre
 16063 | D:11     | Found a white marble altar of Elyvilon.
 16153 | D:11     | Noticed Erolcha
 16172 | D:11     | Killed Erolcha
 16544 | D:11     | Noticed a two-headed ogre
 16549 | D:11     | Killed a two-headed ogre
 16933 | D:12     | Received a gift from Okawaru
 17120 | D:12     | Noticed Kirke
 17146 | D:12     | Killed Kirke
 17372 | Arena    | Entered the Arena
 17402 | D:12     | Gained mutation: Armour fits poorly on your strangely
                  | shaped body. [a shining eye]
 17412 | D:12     | Gained mutation: You occasionally lose the ability to drink
                  | potions when taking damage. [a shining eye]
 17419 | D:12     | Reached XP level 13. HP: 47/117 MP: 8/22
 17947 | D:12     | Noticed Frances
 17962 | D:12     | Slain by Frances

Illustrated notes

Levels and vault maps discovered:
D:1:      erik_arrival_orb_chamber, layout_loops_ring,
          hellmonk_ecumenical_altar_watching_god, eino_curves_03,
          hangedman_decor_diamond_cutter, minmay_misc_feat_ornament,
          serial_park_tiny_1
D:2:      layout_basic, serial_shops, nicolae_shop_stone
D:3:      layout_rooms, nicolae_tso_besieged_by_evil,
          mainiacjoe_overflow_catwalk, serial_aquarium,
          aquarium_bridge_long_separate [aquarium_subvault_wall,
          aquarium_subvault_bridge, aquarium_subvault_bridge,
          aquarium_subvault_window, aquarium_subvault_bridge,
          aquarium_subvault_bridge], aquarium_bridge_square
          [aquarium_subvault_balcony, aquarium_subvault_bridge,
          aquarium_subvault_bridge, aquarium_subvault_wall], aquarium_window_1,
          aquarium_window_1, aquarium_window_fake, aquarium_view_2e,
          portal_sewer_entry_a, uniq_sigmund
D:4:      layout_cave_pools, amcnicky_altar_gilded,
          minmay_temple_entry_overgrown, minmay_mini_ossuary
D:5:      layout_basic, old_standard_altar, serial_shops, nicolae_stop_n_shop_1,
          minmay_misc_feat_room, minmay_ruined_shrine
D:6:      layout_basic, hangedman_decor_push
D:7:      layout_rooms, mainiacjoe_overflow_surrounded_room,
          kennysheep_small_spiral
D:8:      layout_loops_corners, serial_shops, shop, hangedman_decor_slide_cut,
          uniq_prince_ribbit1, uniq_amaemon, uniq_grum, uniq_gastronok
D:9:      layout_roguey, tgw_sif, dpeg_oklobed_lair, hiddenorc2_lemuel,
          gammafunk_ghost_smash, statue_in_the_mist_lemuel, chequers_arboretum,
          uniq_pikel, uniq_maurice
D:10:     layout_loops_ring, uniq_nergalle, uniq_lodul, uniq_psyche
D:11:     layout_long_grid, minmay_misc_feat_five, elyvilon_altar_4,
          uniq_erolcha
D:12:     layout_loops_ring, uniq_frances, uniq_kirke
Temple:   nicolae_temple_superstar

Skill      XL: |  1  2  3  4  5  6  7  8  9 10 11 12 |
---------------+-------------------------------------+-----
Axes           | 3 4 5 6 7 8 9 |  9.1
Fighting       | 4 5 6 7 8 9 10 11 | 11.7
Shields        | 4 5 6 7 8 9 10 | 10.7
Armour         | 4 5 6 7 8 9 10 | 10.6
Invocations    | 3 7 10 12 | 12.6
Maces & Flails | 3 5 8 |  8.2
Necromancy     | 3 |  3.3

Action                     |  1- 3 |  4- 6 |  7- 9 | 10-12 | 13-15 || total
---------------------------+-------+-------+-------+-------+-------++-------
  Melee: War axe           |   109 |   150 |   405 |    16 |       ||   680
         Demon whip        |       |       |       |   656 |    18 ||   674
         Hand axe          |       |       |       |    55 |       ||    55
  Throw: Throwing net      |       |       |     2 |       |       ||     2
   Cast: Necrotise         |       |       |     2 |       |       ||     2
 Invoke: Heroism           |       |       |       |     1 |       ||     1
         Duel              |       |       |       |     4 |       ||     4
  Evoke: Wand              |       |       |     2 |    11 |       ||    13
         Phial of floods   |       |       |       |       |     1 ||     1
    Use: Scroll            |       |       |    14 |     7 |       ||    21
         Potion            |       |       |     4 |     6 |     1 ||    11
   Stab: Paralysed         |       |       |     4 |     5 |       ||     9
         Invisible         |       |       |       |     1 |       ||     1
 Armour: Scale mail        |    58 |    50 |   138 |     2 |       ||   248
         Chain mail        |       |       |       |   206 |       ||   206
         Plate armour      |       |       |       |   152 |     7 ||   159
  Dodge: Dodged            |    63 |    57 |   191 |   214 |     2 ||   527
  Block: Buckler           |    26 |    23 |   135 |   217 |    13 ||   414

Table legend: (Time is in decaauts)
 A = Elapsed time spent in this place.
 B = Non-inter-level travel time spent in this place.
 C = Inter-level travel time spent in this place.
 D = Time resting spent in this place.
 E = Time spent auto-exploring this place.
 F = Levels seen in this place.
 G = Mean time per level.
                   A        B        C        D        E       F      G
               +--------+--------+--------+--------+--------+-----+--------+
         Total |  18061 |  17748 |    313 |   5958 |   8973 |  18 | 1003.4 |
       Dungeon |  16901 |  16603 |    298 |   5364 |   8756 |  12 | 1408.4 |
        Temple |    107 |     92 |     15 |      0 |     73 |   1 |  107.0 |
         Sewer |    953 |    953 |      0 |    567 |    144 |   1 |  953.0 |
         Arena |     99 |     99 |      0 |     27 |      0 |   4 |   24.8 |
               +--------+--------+--------+--------+--------+-----+--------+

Top non-repeatable levels by time:
     D:6: 2766 daAuts
     D:7: 2626 daAuts
     D:9: 2082 daAuts
     D:8: 1948 daAuts
     D:5: 1807 daAuts
    D:12: 1088 daAuts
    D:10: 1000 daAuts
   Sewer: 953 daAuts
    D:11: 943 daAuts
     D:1: 825 daAuts
     D:4: 689 daAuts
     D:3: 682 daAuts
     D:2: 441 daAuts
  Temple: 107 daAuts
   Arena: 99 daAuts
